AoeStats
← cmd

Nomad

507325988Analyzed
3v3 RM · 14d ago on Sep 17, 2026· 40m 7s· 6 players
Game mode
Random Map
Map size
210×210
Population
200
Speed
Normal
Resources
Standard
Victory
Conquest
Starting age
Dark Age
Ending age
Imperial Age
RankedLock teamsTeams togetherTeam positionsShared explorationLock speedFull tech treeHidden civsTurbo modeCheats
Victory
Defeat
🇩🇪 Celts · Germany
990
+16
🇩🇪 Khmer · Germany
909
+19
🇩🇪 Mongols · Germany
880
+20
🇳🇴 Italians · Norway
1051
-22
🇳🇴 Bulgarians · Norway
1004
-19
🇳🇴 Mongols · Norway
864
-14
Hufsa
4:44 Loom
17:30 Feudal Age
18:12 Man-at-Arms
25:02 Fletching
25:12 Padded Archer Armor
36:00 Castle Age
37:10 Pikeman
37:11 Long Swordsman
birds
5:40 Loom
14:04 Feudal Age
14:31 Double-Bit Axe
19:29 Horse Collar
19:57 Fletching
23:54 Wheelbarrow
23:05 Town Watch
28:01 Castle Age
27:05 Gold Mining
28:52 Demolition Ship
29:31 Bodkin Arrow
28:59 Crossbowman
30:13 Padded Archer Armor
Worldbuilder
4:28 Loom
16:36 Feudal Age
17:29 Arson
17:51 Double-Bit Axe
19:36 Scale Mail Armor
19:47 Forging
20:42 Fletching
20:44 Fishing Lines
32:40 Castle Age
32:58 Pikeman
33:40 Squires
33:25 Gambesons
34:50 Horse Collar
37:48 Chain Mail Armor
38:09 Iron Casting
37:58 Heavy Plow
cmd
12:55 Loom
15:07 Feudal Age
18:01 Fishing Lines
22:04 Double-Bit Axe
25:18 Castle Age
25:25 Scale Barding Armor
29:57 Gold Mining
29:58 Stone Mining
32:49 Fletching
34:55 Wheelbarrow
35:12 Stone Shaft Mining
38:07 Bodkin Arrow
zoggaccount
14:25 Feudal Age
13:26 Loom
15:15 Fishing Lines
17:51 Castle Age
17:46 Stone Mining
20:12 Double-Bit Axe
21:02 Bloodlines
20:53 Husbandry
21:20 Gillnets
25:20 Wheelbarrow
24:31 Town Watch
28:18 Hand Cart
29:00 Scale Barding Armor
30:07 Forging
30:17 Chain Barding Armor
31:29 Iron Casting
31:02 Gold Mining
38:53 Medium Warships
39:29 Bow Saw
39:39 Town Patrol
helo
11:13 Loom
13:47 Feudal Age
15:03 Fishing Lines
17:43 Wheelbarrow
17:14 Man-at-Arms
24:13 Castle Age
28:03 Medium Warships
27:50 Gold Mining
28:14 Double-Bit Axe
28:30 Fletching
29:13 Long Swordsman
29:39 Gambesons
29:42 Arson
30:43 Bodkin Arrow
32:47 Padded Archer Armor
39:05 Imperial Age
Connection lost

Rejoining the realm…

Still unreachable

The connection could not be restored.

Session expired

The server has moved on; the page needs a fresh start.